 Dungeon Crawl Stone Soup version 0.29.1-12-g30fa7ad0bf (webtiles) character file.

Game seed: 13192260874314363345

340142 Terracrafty the Rapturous (level 21, -7/210 HPs)
             Began as a Demonspawn Gladiator on Dec 15, 2022.
             Was a High Priest of Uskayaw.
             Mangled by a stone giant (19 damage)
             ... on level 5 of the Vaults.
             The game lasted 03:44:56 (43327 turns).

Terracrafty the Rapturous (Demonspawn Gladiator)   Turns: 43327, Time: 03:44:58

Health: -7/210     AC: 36    Str: 22    XL:     21   Next: 37%
Magic:  35/35      EV: 13    Int: 13    God:    Uskayaw [*****.]
Gold:   2062       SH:  0    Dex: 15    Spells: 22/26 levels left

rFire   + + +      SeeInvis +   J - +9 eveningstar (freeze)
rCold   . . .      Faith    .   B - +5 kite shield {AC+3}
rNeg    . . .      Spirit   .   E - +8 chain mail of the Chupacabra {rF++ SInv}
rPois   .          Reflect  +   c - +2 helmet
rElec   .          Harm     .   h - +1 cloak of Kak Moym {Rampage}
rCorr   .          Rampage  +   u - +2 pair of gloves
Will    ++...                   (boots unavailable)
Stlth   ..........              T - amulet of reflection
HPRegen 0.45/turn               x - +4 ring of slaying
MPRegen 0.24/turn               H - ring of willpower

@: confused, ambrosia-drunk, studying Invocations, very slow
A: hooves 3, rugged brown scales 3, demonic guardian 2, robust 2, demonic magic
3, claws 1, fire resistance 1
}: 1/15 runes: serpentine
a: Renounce Religion, Stomp, Line Pass, Grand Finale


You were on level 5 of the Vaults.
You worshipped Uskayaw.
Uskayaw was greatly pleased with you.
You visited 6 branches of the dungeon, and saw 33 of its levels.
You also visited: Gauntlet and Wizlab.

You collected 4241 gold pieces.
You spent 2179 gold pieces at shops.

Inventory:

Hand Weapons
 J - a +9 eveningstar of freezing (weapon)
Missiles
 w - 9 atropa-tipped darts
 G - 64 poisoned darts
 L - 2 boomerangs of dispersal
 N - 2 throwing nets
 O - a curare-tipped dart
Armour
 c - a +2 helmet (worn)
 h - the +1 cloak of Kak Moym (worn) {Rampage}
   (You found it on level 12 of the Dungeon)

   Rampage:   It bestows one free step when moving towards enemies.
 i - a +3 kite shield of fire resistance
 u - a +2 pair of gloves (worn)
 B - a +5 kite shield of protection (worn)
 E - the +8 chain mail of the Chupacabra (worn) {rF++ SInv}
   (You found it on level 7 of the Dungeon)

   rF:        It greatly protects you from fire.
   SInv:      It lets you see invisible.
Jewellery
 x - a +4 ring of slaying (left hand)
 H - a ring of willpower (right hand)
 T - an amulet of reflection (around neck)
 Z - the ring of the Yeti {EV+4 Dex+6}
   (You found it in a Gauntlet)

   [ring of evasion]

   EV:        It affects your evasion (+4).
   Dex:       It affects your dexterity (+6).
Wands
 e - a wand of digging (5)
 j - a wand of mindburst (6)
 t - a wand of flame (21)
 y - a wand of roots (23) (quivered)
 P - a wand of quicksilver (6)
 Q - a wand of polymorph (27)
 R - a wand of charming (27)
Scrolls
 a - 5 scrolls of enchant armour
 k - 16 scrolls of teleportation
 l - 4 scrolls of butterflies
 p - 5 scrolls of summoning
 q - a scroll of brand weapon
 A - a scroll of silence
 F - 5 scrolls of poison
 S - 9 scrolls of fear
 X - 4 scrolls of blinking
 Y - 4 scrolls of amnesia
Potions
 d - a potion of invisibility
 f - 2 potions of brilliance
 g - 10 potions of ambrosia
 m - 8 potions of cancellation
 n - 9 potions of flight
 o - 20 potions of curing
 z - 2 potions of berserk rage
 C - 5 potions of might
 D - a potion of resistance
 K - a potion of mutation
 M - 6 potions of magic
 W - 3 potions of haste
Miscellaneous
 b - a condenser vane (inert)
 r - a tin of tremorstones (inert)
 s - a lightning rod (3/4)
 v - a phial of floods (inert)
 V - a phantom mirror


   Skills:
 + Level 14.7 Fighting
 + Level 16.9 Maces & Flails
 - Level 1.7 Throwing
 + Level 13.3 Armour
 + Level 13.7 Dodging
 - Level 8.0 Stealth
 + Level 12.8 Shields
 - Level 3.3 Spellcasting
 - Level 4.2 Air Magic
 + Level 21.6 Invocations
 + Level 13.9 Evocations


You had 22 spell levels left.
You knew the following spells:

 Your Spells              Type           Power      Damage    Failure   Level
a - Shock                 Conj/Air       28%        1d4       67%         1
b - Swiftness             Air            13%        N/A       77%         3

Your spell library contained the following spells:

 Spells                   Type           Power      Damage    Failure   Level
 Poisonous Vapours        Pois/Air       14%        N/A       82%         2
 Apportation              Tloc           4%         N/A       92%         1
 Beastly Appendage        Tmut           4%         N/A       92%         1
 Magic Dart               Conj           8%         1d3       92%         1
 Blink                    Tloc           4%         N/A       98%         2
 Call Imp                 Summ           2%         N/A       98%         2
 Wereblood                Tmut           2%         N/A       98%         2
 Mephitic Cloud           Conj/Pois/Air  5%         N/A       98%         3
 Airstrike                Air            6%         2d(1-17)  99%         4
 Confusing Touch          Hex            2%         N/A       100%        3
 Dazzling Flash           Conj/Hex       4%         N/A       100%        3
 Frozen Ramparts          Ice            4%         1d1       100%        3
 Gell's Gravitas          Tloc           2%         N/A       100%        3
 Lesser Beckoning         Tloc           2%         N/A       100%        3
 Ozocubu's Armour         Ice            2%         N/A       100%        3
 Spider Form              Tmut/Pois      2%         N/A       100%        3
 Summon Guardian Golem    Hex/Summ       2%         N/A       100%        3
 Teleport Other           Tloc           2%         N/A       100%        3
 Animate Dead             Necr           2%         N/A       100%        4
 Cause Fear               Hex            1%         N/A       100%        4
 Corpse Rot               Necr/Pois/Air  5%         N/A       100%        4
 Dispel Undead            Necr           2%         3d7       100%        4
 Fulminant Prism          Conj/Hex       1%         3d6       100%        4
 Ice Form                 Ice/Tmut       2%         N/A       100%        4
 Iskenderun's Mystic Bla  Conj/Tloc      2%         2d3       100%        4
 Olgreb's Toxic Radiance  Pois           2%         N/A       100%        4
 Summon Ice Beast         Ice/Summ       2%         N/A       100%        4
 Agony                    Necr           2%         N/A       100%        5
 Alistair's Intoxication  Tmut/Pois      1%         N/A       100%        5
 Lee's Rapid Deconstruct  Erth           1%         3d5*      100%        5
 Manifold Assault         Tloc           2%         N/A       100%        5
 Metabolic Englaciation   Hex/Ice        1%         N/A       100%        5
 Silence                  Hex/Air        3%         N/A       100%        5
 Yara's Violent Unravell  Hex/Tmut       1%         3d3       100%        5
 Death Channel            Necr           1%         N/A       100%        6
 Dispersal                Tloc           1%         N/A       100%        6
 Simulacrum               Ice/Necr       1%         N/A       100%        6
 Dragon Form              Tmut           1%         N/A       100%        7
 Enfeeble                 Hex            1%         N/A       100%        7
 Haunt                    Necr/Summ      1%         N/A       100%        7
 Orb of Destruction       Conj           1%         9d5       100%        7
 Ozocubu's Refrigeration  Ice            1%         4d7       100%        7
 Spellforged Servitor     Conj/Summ      1%         N/A       100%        7
 Ignition                 Fire           1%         3d3       100%        8
 Infestation              Necr           1%         N/A       100%        8
 Dragon's Call            Summ           1%         N/A       100%        9


Dungeon Overview and Level Annotations

Branches:
Dungeon (14/15)            Temple (0/1) D:6            Lair (5/5) D:9
  Swamp (0/4) Lair:3        Snake (4/4) Lair:3        Slime (0/5) Lair:4
    Orc (2/2) D:11            Elf (3/3) Orc:2        Vaults (5/5) D:14
  Crypt (0/3) Vaults:3     WizLab (visited)         Gauntlet (visited)

Altars:
Cheibriados
Dithmenos
Gozag
Kikubaaqudgha
Nemelex Xobeh
Sif Muna
Trog
Uskayaw
Xom

Shops:
D:2 ?   D:3 ([[[   D:4 (   Orc:2 ??(*   Elf:1 (**   Vaults:1 *   Vaults:4 *

Annotations:
D:4 3 runed translucent doors, MacCMillion's ghost, amateur GrEE
D:8 1 runed translucent door, SonOfSpiff's ghost, novice DECj
D:11 Snorg
Lair:2 1 runed translucent door, Xushrum's ghost, journeyman GrEE


Innate Abilities, Weirdness & Mutations

You have hooves in place of feet.
You are completely covered in rugged brown scales. (AC +3, +7% HP)
A demonic guardian rushes to your aid.
You are very robust. (+20% HP)
Spells you cast and wands you use may paralyse nearby enemies.
You have sharp fingernails.
Your flesh is heat resistant. (rF+)


Message History

Press: ? - help, v - describe, . - travel
Here: a balrug, wielding a +1 vampiric demon whip (freezing vapour, summoned, friendly) Some shallow water, summoned.
Your unstable footing causes you to fumble your attack.
You block the stone giant's attack.
The deep troll earth mage is engulfed in freezing vapours.
The sphinx is engulfed in freezing vapours.
Your balrug gestures at the stone giant.
The stone giant is smitten.
Really release a tremorstone near your balrug?
The tremorstone explodes into fragments!
The burst of rock shards engulfs the sphinx!
The burst of rock shards engulfs the deep troll earth mage but does no damage.
The burst of rock shards engulfs the stone giant.
The burst of rock shards engulfs the deep elf annihilator!!
The burst of rock shards engulfs the deep troll earth mage but does no damage.
The burst of rock shards engulfs the deep elf annihilator!!
You feel a bit more experienced.
The burst of rock shards engulfs the sphinx!!
The burst of rock shards engulfs the tengu reaver!
The burst of rock shards engulfs the deep troll earth mage but does no damage. x2
The tin is emptied!
You hear a shout! x3; You hear a deafening roar! x2
The sphinx is engulfed in freezing vapours.
The sphinx mumbles some strange words.
Something smites you!
* * * LOW HITPOINT WARNING * * *
The deep troll earth mage is engulfed in freezing vapours.
The stone giant hits you!
* * * LOW HITPOINT WARNING * * *
A tentacled monstrosity comes into view.
You hear a shout!
Unknown command.
You are confused.
You feel invigorated.
You hear an angry buzzing noise.
The sphinx is engulfed in freezing vapours.
You kill the sphinx!
The stone giant hits you!!
You die...

# .. ...### #+# ....§§###.#
#.#....#.....
....§§§§§X#####.#....#.....
...)§§§§§§§@##..Qp...#....
....§§§§§☼2~C§§°.p..))...
##############§§☼§.....#####
.....§§§)))..()...
......§§<<).......
......)D.)<.......
.......)<<........
#####..))....#####
........2D....


You could see a shadow dragon, a tentacled monstrosity, a stone giant (ally
target), an ironbound convoker and a friendly balrug (summoned).

Vanquished Creatures
  Xtahua (Vaults:4)
  A Tzitzimitl (WizLab)
  A titan (Vaults:5)
  2 deep elf blademasters (Elf:3)
  5 sphinxes
  2 deep elf master archers (Elf:3)
  2 tengu reavers
  Gastronok (D:9)
  A storm dragon (Vaults:5)
  10 nagarajas
  A fire giant (Vaults:5)
  4 deep elf sorcerers
  The ghost of Henri the Imperceptible, an adept VSEn of Wu Jian (Elf:2)
  An orc warlord (Orc:1)
  13 vault wardens
  2 deep elf elementalists (Elf:3)
  2 cacodemons (WizLab)
  10 very ugly things
  A reaper (WizLab)
  2 ironbound thunderhulks
  A war gargoyle (Vaults:3)
  18 ironbound preservers
  2 stone giants
  A lorocyproca (WizLab)
  An entropy weaver (Vaults:3)
  8 deep elf annihilators
  8 deep elf demonologists (Elf:3)
  12 dire elephants
  6 deep elf death magi
  3 green deaths
  2 ettins
  4 deep elf high priests
  Fannar (Orc:1)
  4 great orbs of eyes
  7 yaktaur captains
  A peacekeeper (Vaults:3)
  37 vault guards
  5 boulder beetles
  A ghost crab (Gauntlet)
  5 hydras
  10 two-headed ogres
  6 ogre magi
  3 catoblepae (Lair:5)
  6 salamander tyrants
  3 ironbound frosthearts
  16 centaur warriors
  2 death knights (Vaults:3)
  30 dancing weapons
  10 naga warriors
  6 anacondas
  20 death yaks
  2 deep troll earth magi (Vaults:2)
  14 deep elf knights
  23 naga sharpshooters
  5 hell knights
  A soul eater (WizLab)
  8 shock serpents
  Amaemon (D:10)
  A sixfirhy (Gauntlet)
  8 salamander mystics
  5 naga ritualists
  60 deep trolls
  A flayed ghost (Vaults:2)
  5 deep elf archers
  20 ironbound convokers
  4 lindwurms
  5 wizards
  A sphinx zombie (Vaults:1)
  An orc knight (Vaults:5)
  5 necromancers
  22 deep elf pyromancers
  22 deep elf zephyrmancers
  A stone giant zombie (Vaults:1)
  4 mana vipers
  11 ugly things
  6 manticores
  4 cyclopes
  26 salamanders
  An orc sorcerer (Orc:2)
  Joseph (D:8)
  9 guardian serpents
  22 naga magi
  12 vault sentinels
  Maurice (D:8)
  28 black mambas
  A gargoyle (D:14)
  An elf skeleton (Vaults:4)
  A torpor snail (Lair:4)
  3 orange demons
  10 cane toads
  5 kobold demonologists
  Psyche (D:9)
  A rime drake (Lair:3)
  An elf zombie (Vaults:4)
  3 unseen horrors (D:14)
  8 komodo dragons
  2 freezing wraiths
  2 unseen horror zombies (D:9)
  24 yaktaurs
  A tormentor (WizLab)
  A tengu conjurer (D:14)
  2 efreet
  3 ice devils (WizLab)
  A troll (shapeshifter) (D:13)
  A human skeleton (Vaults:3)
  3 meliai (Lair:5)
  2 queen bees
  11 trolls
  2 hornets
  40 slime creatures
  7 blink frogs
  10 dream sheep
  2 centaur simulacra (Gauntlet)
  4 shadows
  4 vampires
  3 wraiths
  3 ynoxinuls (WizLab)
  77 yaks
  5 air elementals
  A human (D:14)
  3 wyverns
  3 fire elementals
  8 basilisks
  A redback (Vaults:3)
  2 chaos spawn (WizLab)
  Grum (D:9)
  A neqoxec (WizLab)
  2 human simulacra
  A harpy simulacrum (Gauntlet)
  49 nagas
  A glowing shapeshifter zombie (Vaults:1)
  3 wargs (Orc:1)
  2 acid dragons (D:10)
  12 water moccasins
  A floating eye (shapeshifter) (Vaults:5)
  A glowing shapeshifter skeleton (Vaults:3)
  19 orc warriors
  A black bear (D:5)
  A meliai simulacrum (Gauntlet)
  A sky beast (D:7)
  21 ogres
  4 wolves (D:9)
  A human zombie (Vaults:3)
  8 centaurs
  3 phantoms
  7 kobold brigands
  8 bullfrogs
  2 gnoll sergeants
  A necrophage (D:7)
  A glowing shapeshifter simulacrum (Vaults:4)
  An earth elemental (Elf:3)
  2 scorpions
  7 wights
  24 killer bees
  An electric eel (D:8)
  7 howler monkeys
  A centaur zombie (D:9)
  5 hounds
  3 jellies
  A lava snake (D:13)
  14 orc priests
  5 iguanas
  17 orc wizards
  A mummy (D:5)
  16 gnolls
  14 adders
  A shadow imp (D:4)
  15 white imps
  2 ufetubi
  3 worms
  2 dart slugs
  80 orcs
  11 bats
  5 endoplasms
  A giant cockroach (D:4)
  11 goblins
  13 hobgoblins
  21 kobolds
  2 quokkas
  6 ball pythons
  A frilled lizard (D:1)
  10 rats
1360 creatures vanquished.

Vanquished Creatures (collateral kills)
  2 nagarajas (Snake:4)
  A fire giant (Vaults:2)
  A frost giant (Vaults:5)
  A vault warden (Vaults:5)
  A very ugly thing (Vaults:3)
  An ironbound thunderhulk (Vaults:1)
  A deep elf annihilator (Elf:3)
  A minotaur (Gauntlet)
  A yaktaur captain (Vaults:2)
  A naga warrior (Snake:3)
  A death yak (Lair:3)
  3 dancing weapons
  A naga sharpshooter (Snake:3)
  A shock serpent (Snake:4)
  3 deep trolls
  An ironbound convoker (Vaults:4)
  A deep elf zephyrmancer (Elf:2)
  3 ugly things
  A salamander (Snake:4)
  2 black mambas
  A naga mage (Snake:2)
  A yaktaur (Vaults:3)
  A yak (Lair:5)
  4 nagas
  An ufetubus (Gauntlet)
  An orc (Vaults:5)
37 creatures vanquished.

Vanquished Creatures (others)
  A deep elf knight (Elf:1)
  A deep elf pyromancer (Elf:1)
  A deep elf zephyrmancer (Elf:2)
  A naga (Snake:4)
  A lava snake (Snake:2)
  23 fungi
  41 plants
  8 withered plants (D:9)
77 creatures vanquished.

Grand Total: 1474 creatures vanquished

Notes
Turn   | Place    | Note
-------+----------+-------------------------------------------
     0 | D:1      | Terracrafty the Demonspawn Gladiator began the quest for
                  | the Orb.
     0 | D:1      | Reached XP level 1. HP: 16/16 MP: 1/1
   150 | D:1      | Gained mutation: You have large cloven feet. [demonic
                  | ancestry]
   150 | D:1      | Reached XP level 2. HP: 11/22 MP: 2/2
   326 | D:1      | Found a faded altar of an unknown god.
   700 | D:2      | Reached skill level 1 in Armour
   714 | D:2      | Gained mutation: Spells you cast may paralyse adjacent
                  | enemies. [demonic ancestry]
   714 | D:2      | Reached XP level 3. HP: 21/28 MP: 3/3
   998 | D:2      | Found Isyk's Magic Scroll Shop.
  1001 | D:2      | Bought a scroll of identify for 28 gold pieces
  1498 | D:3      | Reached XP level 4. HP: 34/34 MP: 4/4
  1527 | D:3      | Found Doaq's Armour Emporium.
  1872 | D:3      | Bought a +0 pair of gloves for 58 gold pieces
  2088 | D:3      | Gained mutation: Spells you cast may paralyse nearby
                  | enemies. [demonic ancestry]
  2088 | D:3      | Reached XP level 5. HP: 41/41 MP: 5/5
  2104 | D:3      | Found Faudiov's Armour Boutique.
  2135 | D:3      | Found Quqi's Armour Shoppe.
  2149 | D:3      | Found a bloodstained altar of Trog.
  2193 | D:3      | Found Ziarrox's Antique Weapon Emporium.
  2386 | D:4      | Reached skill level 1 in Spellcasting
  2386 | D:4      | Reached skill level 1 in Air Magic
  2539 | D:4      | Reached XP level 6. HP: 47/47 MP: 7/7
  3209 | D:4      | Found Arymuf's Antique Weapon Emporium.
  3213 | D:4      | Found a runed translucent gate.
  3213 | D:4      | Found a runed translucent gate.
  3398 | D:4      | Found a runed translucent gate.
  3402 | D:4      | Noticed MacCMillion's ghost (amateur GrEE)
  3615 | D:4      | Reached skill level 1 in Evocations
  3861 | D:5      | Entered Level 5 of the Dungeon
  3957 | D:5      | Found a snail-covered altar of Cheibriados.
  4139 | D:5      | Gained mutation: You are partially covered in rugged brown
                  | scales. (AC +1, +3% HP) [demonic ancestry]
  4139 | D:5      | Reached XP level 7. HP: 36/54 MP: 6/9
  4244 | D:5      | Found a shadowy altar of Dithmenos.
  5015 | D:5      | Learned a level 1 spell: Shock
  5048 | D:5      | Found a hide-covered altar of Uskayaw.
  5050 | D:5      | Found an ancient bone altar of Kikubaaqudgha.
  5081 | D:5      | Found an opulent altar of Gozag.
  5112 | D:5      | Became a worshipper of Uskayaw the Reveller
  5643 | D:6      | Reached * piety under Uskayaw
  5664 | D:5      | Reached ** piety under Uskayaw
  5847 | D:6      | Reached *** piety under Uskayaw
  5851 | D:6      | Reached skill level 5 in Maces & Flails
  5851 | D:6      | Reached skill level 1 in Invocations
  5851 | D:6      | Gained mutation: You are mostly covered in rugged brown
                  | scales. (AC +2, +5% HP) [demonic ancestry]
  5851 | D:6      | Reached XP level 8. HP: 45/63 MP: 2/11
  5894 | D:5      | Reached skill level 2 in Invocations
  6295 | D:6      | Found a sparkling altar of Nemelex Xobeh.
  6733 | D:6      | Noticed a two-headed ogre
  7006 | D:6      | Reached skill level 3 in Invocations
  7203 | D:6      | Killed a two-headed ogre
  7204 | D:6      | Reached skill level 1 in Stealth
  7204 | D:6      | Gained mutation: A weak demonic guardian rushes to your
                  | aid. [demonic ancestry]
  7204 | D:6      | Reached XP level 9. HP: 56/70 MP: 7/13
  7313 | D:6      | Found a staircase to the Ecumenical Temple.
  7404 | D:7      | Reached skill level 5 in Fighting
  7471 | D:7      | Reached skill level 4 in Invocations
  7504 | D:7      | Learned a level 3 spell: Swiftness
  7802 | D:7      | Reached **** piety under Uskayaw
  7803 | D:7      | Reached skill level 5 in Dodging
  7804 | D:7      | Reached ***** piety under Uskayaw
  7860 | D:7      | Identified the +8 chain mail of the Chupacabra {rF++ SInv}
  8345 | D:8      | Noticed a two-headed ogre
  8613 | D:8      | Killed a two-headed ogre
  8614 | D:8      | Reached skill level 1 in Shields
  8614 | D:8      | Reached skill level 5 in Invocations
  9054 | D:8      | Reached XP level 10. HP: 60/77 MP: 11/15
  9146 | D:8      | Found a runed translucent door.
  9306 | D:8      | Noticed Joseph
  9323 | D:8      | Killed Joseph
  9485 | D:8      | Noticed Maurice
  9518 | D:8      | Killed Maurice
  9519 | D:8      | Reached skill level 6 in Invocations
  9676 | D:8      | Noticed a deep elf pyromancer
  9676 | D:8      | Noticed SonOfSpiff's ghost (novice DECj)
  9803 | D:9      | Found a staircase to the Lair.
 10209 | D:9      | Noticed Grum
 10235 | D:9      | Killed Grum
 10305 | D:9      | Reached skill level 7 in Invocations
 10759 | D:9      | Noticed Psyche
 10764 | D:9      | Killed Psyche
 10842 | D:9      | Noticed Gastronok
 10858 | D:9      | Killed Gastronok
 10859 | D:9      | Reached skill level 5 in Armour
 11166 | D:10     | Entered Level 10 of the Dungeon
 11183 | D:10     | Noticed an orange demon
 11263 | D:10     | Gained mutation: You are completely covered in rugged brown
                  | scales. (AC +3, +7% HP) [demonic ancestry]
 11263 | D:10     | Reached XP level 11. HP: 79/86 MP: 16/16
 11318 | D:10     | Noticed Amaemon
 11331 | D:10     | Killed Amaemon
 11332 | D:10     | Reached skill level 8 in Invocations
 12086 | D:11     | Noticed a soul eater
 12094 | D:11     | Noticed a sun demon
 12104 | D:11     | Reached skill level 9 in Invocations
 12117 | D:11     | Found a staircase to the Orcish Mines.
 12301 | D:11     | Found a gate leading to a gauntlet.
 12311 | D:11     | Noticed Snorg
 12313 | Gauntlet | Entered a Gauntlet
 12313 | Gauntlet | Found a transporter.
 12313 | Gauntlet | Found a runed translucent door.
 12320 | Gauntlet | Found a runed translucent door.
 12322 | Gauntlet | Found a transporter.
 12325 | Gauntlet | Found a transporter.
 12326 | Gauntlet | Found a transporter.
 12331 | Gauntlet | Noticed a sixfirhy
 12334 | Gauntlet | Found a transporter.
 12337 | Gauntlet | Found a transporter.
 12338 | Gauntlet | Found a transporter.
 12347 | Gauntlet | Found a transporter.
 12349 | Gauntlet | Found a transporter.
 12350 | Gauntlet | Found a transporter.
 12357 | Gauntlet | Noticed a green death
 12358 | Gauntlet | Found a transporter.
 12361 | Gauntlet | Found a transporter.
 12362 | Gauntlet | Found a transporter.
 12364 | Gauntlet | Noticed a ghost crab
 12369 | Gauntlet | Found a runed translucent door.
 12372 | Gauntlet | Found a transporter.
 12380 | Gauntlet | Found the +3 pair of mountain boots {steadfast, rC+}
 12538 | Gauntlet | Killed a sixfirhy
 12587 | Gauntlet | Reached skill level 5 in Stealth
 12637 | Gauntlet | Identified the ring of the Yeti {EV+4 Dex+6}
 12653 | Gauntlet | Identified the ring of Boevitug {Wiz Fly Dex+6}
 12664 | Gauntlet | Killed a green death
 12709 | Gauntlet | Killed a ghost crab
 12710 | Gauntlet | Reached skill level 5 in Evocations
 12774 | Gauntlet | Noticed a minotaur
 12779 | Gauntlet | Killed a minotaur
 12780 | Gauntlet | Reached XP level 12. HP: 62/97 MP: 19/19
 13179 | D:11     | Reached skill level 10 in Invocations
 13211 | D:11     | Noticed an ogre mage
 13213 | D:11     | Noticed an ogre mage
 13217 | D:11     | Killed an ogre mage
 13221 | D:11     | Killed an ogre mage
 13235 | D:11     | Noticed a centaur warrior
 13238 | D:11     | Killed a centaur warrior
 13268 | D:11     | Noticed a sphinx
 13270 | D:11     | Noticed a sphinx
 13279 | D:11     | Killed a sphinx
 13283 | D:11     | Killed a sphinx
 13286 | D:11     | Noticed an ogre mage
 13293 | D:11     | Killed an ogre mage
 13294 | D:11     | Reached skill level 11 in Invocations
 13793 | Lair:1   | Entered Level 1 of the Lair of Beasts
 14427 | Lair:1   | You fall into a shaft and drop 1 floor!
 14964 | D:3      | Bought +0 swamp dragon scales for 600 gold pieces
 15180 | Lair:2   | Noticed a four-headed hydra
 15191 | Lair:2   | Killed a four-headed hydra
 15192 | Lair:2   | Reached skill level 5 in Shields
 15244 | Lair:2   | Found a runed translucent door.
 15244 | Lair:2   | Found a shimmering altar of Xom.
 15244 | Lair:2   | Identified the +6 dire flail of Sycexiffo {chaos, rF+ Str-2
                  | Int+2 Stlth+}
 15244 | Lair:2   | Noticed Xushrum's ghost (journeyman GrEE)
 15384 | Lair:2   | Noticed a seven-headed hydra
 15395 | Lair:2   | Killed a seven-headed hydra
 15547 | Lair:2   | Gained mutation: You have hoof-like feet. [demonic
                  | ancestry]
 15547 | Lair:2   | Reached XP level 13. HP: 99/104 MP: 21/21
 16011 | Lair:3   | Reached skill level 10 in Maces & Flails
 16582 | Lair:3   | Found a staircase to the Swamp.
 16845 | Lair:3   | Found a staircase to the Snake Pit.
 17031 | Lair:3   | HP: 3/104 [death yak (16)]
 17253 | Lair:4   | Reached skill level 12 in Invocations
 17257 | Lair:4   | Reached ****** piety under Uskayaw
 17373 | Lair:4   | Found a staircase to the Slime Pits.
 17499 | Lair:4   | Identified the +1 plate armour of Arousa {Harm rPois Will-}
 18108 | Lair:5   | Entered Level 5 of the Lair of Beasts
 18189 | Lair:5   | Reached XP level 14. HP: 113/113 MP: 14/23
 19427 | Lair:5   | Reached skill level 13 in Invocations
 19658 | Snake:1  | Entered Level 1 of the Snake Pit
 20596 | Snake:1  | Gained mutation: You have hooves in place of feet. [demonic
                  | ancestry]
 20596 | Snake:1  | Reached XP level 15. HP: 118/121 MP: 24/24
 20738 | Snake:1  | Found the +3 salamander hide armour {Flames rF++ rC--}
 21458 | Snake:2  | Reached skill level 10 in Fighting
 21786 | Snake:2  | Identified the +1 scale mail of Ovvygon {SInv Stlth+}
 22477 | Snake:3  | Reached skill level 14 in Invocations
 22986 | Snake:3  | Gained mutation: A demonic guardian rushes to your aid.
                  | [demonic ancestry]
 22986 | Snake:3  | Reached XP level 16. HP: 84/131 MP: 26/26
 23521 | Snake:4  | Entered Level 4 of the Snake Pit
 23794 | Snake:4  | Reached skill level 10 in Dodging
 24245 | Snake:4  | Identified the -1 cloak of Sinor {Int+3}
 24972 | Snake:4  | Reached skill level 15 in Invocations
 25139 | Snake:4  | Reached skill level 10 in Evocations
 25169 | Snake:4  | Reached skill level 10 in Armour
 25173 | Snake:4  | Got a serpentine rune of Zot
 25699 | Orc:1    | Entered Level 1 of the Orcish Mines
 25802 | Orc:1    | Noticed Fannar
 25832 | Orc:1    | Killed Fannar
 25833 | Orc:1    | Reached XP level 17. HP: 127/140 MP: 19/28
 26154 | Orc:2    | Entered Level 2 of the Orcish Mines
 26300 | Orc:2    | Found a staircase to the Elven Halls.
 26760 | Orc:2    | Found Daymnut's Magic Scroll Shoppe.
 26765 | Orc:2    | Found Jinef's General Store.
 26770 | Orc:2    | Found Xuunas's Magic Scroll Boutique.
 26772 | Orc:2    | Bought a scroll of enchant armour for 82 gold pieces
 26805 | Orc:2    | Found Nocergh's Antique Weapon Shoppe.
 26843 | Orc:2    | Bought a wand of roots (3) for 100 gold pieces
 26849 | Orc:2    | Bought a scroll of enchant armour for 112 gold pieces
 26849 | Orc:2    | Bought a scroll of enchant weapon for 112 gold pieces
 26997 | Elf:1    | Entered Level 1 of the Elven Halls
 26997 | Elf:1    | Found Beff's Assorted Antiques.
 27005 | Elf:1    | Bought 2 potions of heal wounds for 330 gold pieces
 27049 | Elf:1    | Paralysed by an air elemental for 1 turns
 27090 | Elf:1    | Paralysed by an air elemental for 1 turns
 27095 | Elf:1    | Paralysed by an air elemental for 1 turns
 27282 | Elf:1    | Found Archyih's Weapon Emporium.
 27370 | Elf:1    | Paralysed by an air elemental for 1 turns
 27691 | Elf:1    | Found Iqejey's Assorted Antiques.
 28070 | Elf:2    | Paralysed by an air elemental for 1 turns
 28075 | Elf:2    | Paralysed by an air elemental for 1 turns
 28245 | Elf:2    | Paralysed by an air elemental for 1 turns
 28492 | Elf:2    | Found a runed translucent door.
 28497 | Elf:2    | Reached skill level 15 in Maces & Flails
 28501 | Elf:2    | Noticed Henri's ghost (adept VSEn)
 28538 | Elf:2    | Killed Henri's ghost
 28542 | Elf:2    | Identified the +3 chain mail "Ranta Jao" {-Tele rPois Int+7
                  | SInv}
 28616 | Elf:2    | Found a runed translucent gate.
 28617 | Elf:2    | Found a runed translucent gate.
 28617 | Elf:2    | Found a runed translucent gate.
 28873 | Elf:2    | Reached skill level 16 in Invocations
 29022 | Elf:2    | Reached XP level 18. HP: 149/149 MP: 30/30
 29171 | Elf:2    | Reached skill level 10 in Shields
 29511 | Elf:3    | Entered Level 3 of the Elven Halls
 29581 | Elf:1    | Bought a coral ring for 130 gold pieces
 30320 | Elf:3    | Noticed a Hell Sentinel
 30356 | Elf:3    | Noticed a Brimstone Fiend
 30600 | Elf:3    | Noticed a Tzitzimitl
 30716 | Elf:2    | Found a shimmering blue altar of Sif Muna.
 30810 | Elf:3    | Noticed a Tzitzimitl
 30939 | Elf:3    | Identified the +10 war axe "Bunuogos" {holy, MP+9}
 30980 | Elf:3    | Identified the +7 long sword of the Other Side {freeze,
                  | Str+7 Dex+4}
 30984 | Elf:3    | Noticed a Hell Sentinel
 31286 | Elf:3    | Identified the ring "Toidwot" {Int+3 SInv}
 31346 | Elf:3    | Identified the +4 rapier of the Heart {speed, rPois rC++}
 31709 | D:12     | Identified the +1 cloak of Kak Moym {Rampage}
 32753 | Orc:2    | Bought a scroll of blinking for 105 gold pieces
 32753 | Orc:2    | Bought a potion of might for 56 gold pieces
 32753 | Orc:2    | Bought a scroll of brand weapon for 133 gold pieces
 33124 | D:13     | Identified a scroll of acquirement
 33174 | D:13     | Acquired a manual of Invocations
 33939 | D:14     | Found a gate to the Vaults.
 33944 | D:14     | Reached skill level 17 in Invocations
 34305 | Vaults:1 | Entered Level 1 of the Vaults
 34453 | Vaults:1 | Gained mutation: You are robust. (+10% HP) [demonic
                  | ancestry]
 34453 | Vaults:1 | Reached XP level 19. HP: 104/173 MP: 17/31
 34728 | Vaults:1 | Found Suneskag's General Store.
 34731 | Vaults:1 | Bought a potion of curing for 48 gold pieces
 34731 | Vaults:1 | Bought a potion of might for 64 gold pieces
 36068 | Vaults:1 | Reached skill level 18 in Invocations
 37357 | Vaults:2 | Reached skill level 19 in Invocations
 38141 | Vaults:3 | Found a staircase to the Crypt.
 38196 | Vaults:3 | Found a magical portal.
 38201 | WizLab   | Entered Doroklohe's Tomb
 38438 | WizLab   | Gained mutation: Your magical capacity is low. (-10% MP) [a
                  | cacodemon]
 38610 | WizLab   | Noticed a Tzitzimitl
 38628 | WizLab   | Killed a Tzitzimitl
 39081 | WizLab   | Gained mutation: Spells you cast and wands you use may
                  | paralyse nearby enemies. [demonic ancestry]
 39081 | WizLab   | Reached XP level 20. HP: 125/184 MP: 30/30
 40742 | Vaults:3 | Reached skill level 20 in Invocations
 41318 | Vaults:3 | Lost mutation: Your magical capacity is low. (-10% MP)
                  | [potion of mutation]
 41318 | Vaults:3 | Gained mutation: You have a pair of small antennae on your
                  | head. [potion of mutation]
 41318 | Vaults:3 | Gained mutation: Your spells are a little easier to cast,
                  | but a little less powerful. [potion of mutation]
 41318 | Vaults:3 | Gained mutation: You have a pair of antennae on your head.
                  | [potion of mutation]
 41319 | Vaults:3 | Lost mutation: You have a pair of antennae on your head.
                  | [potion of mutation]
 41319 | Vaults:3 | Lost mutation: Your spells are a little easier to cast, but
                  | a little less powerful. [potion of mutation]
 41319 | Vaults:3 | Gained mutation: You occasionally lose the ability to drink
                  | potions when taking damage. [potion of mutation]
 41319 | Vaults:3 | Gained mutation: Your flesh is heat resistant. (rF+)
                  | [potion of mutation]
 41320 | Vaults:3 | Lost mutation: You have a pair of small antennae on your
                  | head. [potion of mutation]
 41320 | Vaults:3 | Lost mutation: You occasionally lose the ability to drink
                  | potions when taking damage. [potion of mutation]
 41320 | Vaults:3 | Lost mutation: Your flesh is heat resistant. (rF+) [potion
                  | of mutation]
 41320 | Vaults:3 | Gained mutation: Potions are less effective at restoring
                  | your health. [potion of mutation]
 41320 | Vaults:3 | Gained mutation: You are dopey. (Int -2) [potion of
                  | mutation]
 41320 | Vaults:3 | Lost mutation: You are dopey. (Int -2) [potion of mutation]
 41321 | Vaults:3 | Lost mutation: Potions are less effective at restoring your
                  | health. [potion of mutation]
 41321 | Vaults:3 | Gained mutation: You have sharp fingernails. [potion of
                  | mutation]
 41321 | Vaults:3 | Gained mutation: Your flesh is heat resistant. (rF+)
                  | [potion of mutation]
 41489 | Vaults:4 | Noticed Xtahua
 41498 | Vaults:4 | Paralysed by Xtahua for 2 turns
 41505 | Vaults:4 | Killed Xtahua
 41508 | Vaults:4 | Found Uvu Cyet's General Store.
 42151 | Vaults:4 | Bought a scroll of blinking for 97 gold pieces
 42151 | Vaults:4 | Bought a wand of roots (4) for 124 gold pieces
 42862 | Vaults:4 | Reached skill level 21 in Invocations
 42923 | Vaults:4 | Gained mutation: You are very robust. (+20% HP) [demonic
                  | ancestry]
 42923 | Vaults:4 | Reached XP level 21. HP: 187/210 MP: 35/35
 43281 | Vaults:5 | Entered Level 5 of the Vaults
 43326 | Vaults:5 | HP: 7/210 [stone giant (14)]
 43327 | Vaults:5 | Mangled by a stone giant

Illustrated notes

Levels and vault maps discovered:
D:1:      dpeg_arrival_round_b, layout_basic, dreamdust_ecumenical_altar_statues
D:2:      layout_basic, serial_shops, shop, minmay_rat_gold_closets
D:3:      layout_rooms, lemuel_round_altar, trog_hazing_becter, serial_shops,
          nicolae_square_shop, shop, shop, nicolae_diamond_shop,
          minmay_fractal_squares_diagonal_5
D:4:      layout_loops_ring, gammafunk_ghost_necromancy, serial_shops, shop,
          kennysheep_pointless_box
D:5:      layout_loops_ring, nicolae_dithmenos_the_darkroom, slow_altar_1,
          chequers_temple_overflow_statue_of_worship
D:6:      layout_rooms, mainiacjoe_overflow_alcove_1, temple_green
D:7:      hellmonk_crumbling_castle, layout_loops_ring
D:8:      layout_basic, ebering_ghost_inner_flame, uniq_maurice, uniq_joseph
D:9:      layout_loops_ring, lair_entry_dummy, serial_undead, serial_undead_e,
          serial_undead_b, serial_undead_c, serial_undead_b, uniq_psyche,
          uniq_grum, uniq_gastronok
D:10:     layout_loops_ring, mainiacjoe_overflow_alcove_4,
          grunt_decor_one_mirror, uniq_amaemon
D:11:     minmay_sliced_demisemicircle, layout_cave_pools, orc_0_dummy,
          portal_ice_cave_entry_imps, gauntlet_entry_generic, uniq_snorg
D:12:     layout_roguey
D:13:     layout_rooms, kennysheep_donut
D:14:     layout_basic, grunt_vaults_entry_fortified, hangedman_batty
Lair:1:   layout_cave_pods, grunt_megastairs_3
Lair:2:   layout_chaotic_city, ebering_ghost_xom
Lair:3:   layout_cave_pods, swamp_mist, minmay_snake_entry_spellcaster,
          nicolae_quartered_pool_impasse, grunt_megastairs_4,
          infiniplex_staircase_pool, serial_bayou_shore_b
Lair:4:   layout_cave_pods, slime_entry_1, beast_lair_carwin_3
Lair:5:   evilmike_catoblepas_cave, layout_loops_ring, special_room
          [special_room_bee], serial_bayou_shore_a
Snake:1:  layout_misc_corridors, hellmonk_guarded_unrand_salamander
Snake:2:  layout_cave_pods, nicolae_snake_salamander_fort, grunt_megastairs_2
Snake:3:  layout_rooms, nicolae_elevator_lobby_asterisk
Snake:4:  grunt_snake_rune_spirals, layout_onion
Orc:1:    layout_caves, uniq_fannar
Orc:2:    st_orc_open, layout_diamond_mine, basic_altar
Elf:1:    layout_geoelf_diagonals, serial_shops, nicolae_lakefront_shop, shop,
          hangedman_corner_corridor, nicolae_take_the_stairs
Elf:2:    nicolae_elf_blades_crystal_corner, layout_onion_city,
          gammafunk_ghost_grave, lemuel_elevator, lemuel_upstairs_altar
Elf:3:    grunt_elf_hall_asides, layout_gridlike
Vaults:1: vaults_room_stairs_pillars, ontoclasm_vaults_ligature,
          grunt_vaults_focal, nicolae_vaults_what_the_h, v_misc_28,
          ontoclasm_vaults_gateway, nicolae_vaults_theta,
          vaults_dpeg_emergency_exit, nicolae_vaults_angled_halls,
          vaults_dpeg_hooks, layout_vaults_omnigrid, serial_shops,
          nicolae_shop_behind_doors
Vaults:2: ontoclasm_vaults_eye, vaults_mumra_minichess_inversion,
          nicolae_vaults_ninety_degrees, v_pattern_4, v_misc_13,
          hangedman_vaults_stitches, hangedman_vaults_restitches, v_misc_19,
          ontoclasm_vaults_ring_square, vaults_room_glass_cross,
          ontoclasm_vaults_twist, ontoclasm_vaults_shuriken, layout_vaults_maze
Vaults:3: mu_enter_wizlab_2, v_misc_2, ontoclasm_vaults_hangar,
          blue_anna_dwarven_crypt, hangedman_vaults_corner,
          vaults_standard_mumra_lines, vaults_dpeg_cross, v_alt_pattern_3,
          nicolae_vaults_shelves_hall, vaults_room_large_hall,
          hangedman_vaults_slice, layout_vaults_omnicross
Vaults:4: v_alt_pattern_2, v_pattern_2, hangedman_vaults_river_flow,
          hangedman_vaults_stagger, v_misc_26, vaults_dpeg_spiral,
          ontoclasm_vaults_idyll, v_misc_24, v_misc_30, vaults_room_large_hall,
          grunt_vaults_hallway_long, nicolae_vaults_ring_of_whatevers,
          v_misc_16, layout_vaults_omnibox, serial_shops, shop, uniq_xtahua
Vaults:5: uniq_saint_roka

Skill      XL: |  1  2  3  4  5  6  7  8  9 10 11 12 13 14 15 16 17 18 19 20 |
---------------+-------------------------------------------------------------+-----
Maces & Flails | 3 4 5 6 7 8 9 10 12 13 14 15 16 | 16.9
Armour         | 1 2 3 4 5 6 7 8 9 10 11 12 13 | 13.3
Dodging        | 3 4 5 6 7 8 9 10 11 12 13 | 13.7
Fighting       | 3 4 5 6 7 8 9 10 11 12 13 14 | 14.7
Spellcasting   | 1 2 3 |  3.3
Air Magic      | 1 2 3 4 |  4.2
Evocations     | 1 2 3 5 6 7 8 9 10 11 12 13 | 13.9
Invocations    | 1 3 5 7 9 11 12 13 14 15 16 17 19 21 | 21.6
Stealth        | 1 2 4 5 6 7 8 |  8.0
Shields        | 1 2 4 5 6 7 8 9 10 11 12 | 12.8
Throwing       | |  1.7

Action                   |  1- 3 |  4- 6 |  7- 9 | 10-12 | 13-15 | 16-18 | 19-21 || total
-------------------------+-------+-------+-------+-------+-------+-------+-------++-------
Melee: Flail             |    85 |   182 |   149 |       |       |       |       ||   416
       Kick              |    16 |    58 |    92 |   147 |   324 |   421 |   390 ||  1448
       Morningstar       |       |       |   151 |   470 |   843 |  1128 |   432 ||  3024
       Punch             |       |       |     3 |       |       |       |       ||     3
       Eveningstar       |       |       |       |       |       |       |   388 ||   388
Throw: Throwing net      |       |     1 |     3 |       |       |       |       ||     4
       Dart              |       |       |     8 |    10 |    16 |     1 |       ||    35
       Javelin           |       |       |       |     2 |       |       |       ||     2
 Cast: Shock             |       |       |    24 |       |       |       |       ||    24
Invok: Stomp             |       |       |    13 |    27 |    35 |    44 |    29 ||   148
       Line Pass         |       |       |     2 |     8 |     7 |     2 |     3 ||    22
       Grand Finale      |       |       |       |     1 |     6 |     6 |     4 ||    17
Evoke: Wand              |       |       |     7 |    17 |    17 |    14 |     1 ||    56
       Phantom mirror    |       |       |       |     1 |       |     2 |     2 ||     5
       Tin of tremorston |       |       |       |     2 |     8 |     9 |     3 ||    22
       Condenser vane    |       |       |       |       |     1 |     6 |     3 ||    10
       Lightning rod     |       |       |       |       |       |       |     6 ||     6
       Phial of floods   |       |       |       |       |       |       |     5 ||     5
  Use: Scroll            |     5 |     5 |     7 |     9 |    18 |    21 |    13 ||    78
       Potion            |       |       |     1 |     4 |     7 |     7 |    10 ||    29
 Stab: Sleeping          |     3 |       |     1 |     4 |    11 |     2 |       ||    21
       Paralysed         |       |       |    11 |    20 |    67 |    81 |    96 ||   275
       Confused          |       |       |       |     1 |     7 |     2 |     1 ||    11
       Distracted        |       |       |       |       |     4 |     2 |     1 ||     7
       Petrified         |       |       |       |       |     1 |       |       ||     1
Armor: Leather armour    |    26 |    12 |       |    54 |       |       |       ||    92
       Scale mail        |       |    65 |    54 |   185 |       |       |       ||   304
       Ring mail         |       |       |    49 |       |       |       |       ||    49
       Robe              |       |       |    20 |       |       |       |       ||    20
       Swamp dragon scal |       |       |       |    17 |   211 |    68 |       ||   296
       Chain mail        |       |       |       |       |       |   328 |   340 ||   668
Dodge: Dodged            |    49 |   143 |   239 |   296 |   502 |   489 |   242 ||  1960
Block: Kite shield       |       |       |    49 |   364 |   650 |   764 |   752 ||  2579
       Reflection        |       |       |       |       |       |    19 |    42 ||    61
